Map: 2000 Atmospheres LE

Players

LiquidClem (Clem)

  • Race: Terran Terran
  • League: Bronze

Dark - Winner!

  • Race: Zerg Zerg

Event: TSL 7

VOD

Have the link to the VOD?

Description

Time

  • Played on: June 20, 2021, 1:54 p.m.
  • Length: 17:49

All games in this series

Show
View Real Time Build Order
Export as new Build Order

LiquidClem Terran 

Build Orders: Reaper Expand, Hellion Banshee 

Get SALT Encoding   

  12  0:00  SCV  
  13  0:12  SCV  
  14  0:17  Supply Depot  
  14  0:24  SCV  
  15  0:38  SCV  
  15  0:39  Barracks  
  16  0:45  Refinery  
  16  0:50  SCV  
  17  1:03  SCV  
  18  1:15  SCV  
  19  1:28  Reaper, Orbital Command  
  20  1:39  Command Center  
  20  1:48  Supply Depot  
  20  1:53  SCV  
  21  1:59  Marine  
  22  2:06  SCV  
  23  2:10  Factory  
  23  2:18  SCV  
  24  2:23  Barracks Reactor  
  24  2:30  SCV  
  25  2:39  Command Center  
  25  2:42  SCV  
  26  2:51  Orbital Command  
  26  2:54  SCV  
  27  3:01  Starport  
  27  3:06  Refinery, SCV  
  27  3:10  Hellion  
  30  3:13  Hellion  
  30  3:17  SCV  
  30  3:19  SCV  
  34  3:21  Barracks Tech Lab  
  34  3:29  SCV  
  34  3:31  SCV, Hellion  
  38  3:35  Hellion  
  40  3:41  SCV  
  40  3:43  SCV  
  40  3:44  Viking  
  44  3:53  SCV  
  44  3:55  SCV, Hellion  
  48  3:56  Hellion  
  48  3:57  Cloaking Field  
  48  4:00  Orbital Command  
  50  4:05  SCV  
  50  4:07  SCV  
  50  4:08  Barracks Tech Lab  
  52  4:14  Supply Depot  
  52  4:17  Banshee  
  52  4:18  SCV  
  52  4:19  SCV  
  52  4:23  Hellion x2  
  61  4:35  SCV x3  
  61  4:38  Marauder, Supply Depot  
  66  4:41  Bunker  
  66  4:47  SCV x2  
  66  4:48  Stimpack  
  66  4:49  SCV  
  69  4:59  Marine  
  71  5:00  SCV  
  71  5:01  Banshee, Supply Depot  
  71  5:04  Refinery, SCV x2, Barracks  
  71  5:05  Refinery, Barracks  
  76  5:16  Engineering Bay x2  
  76  5:17  Factory Reactor, Marine  
  77  5:22  SCV x2  
  77  5:27  Orbital Command  
  80  5:33  Barracks x2  
  80  5:34  SCV  
  80  5:35  SCV  
  81  5:40  Marine  
  82  5:43  Terran Infantry Weapons Level 1  
  82  5:44  Terran Infantry Armor Level 1  
  82  5:47  SCV  
  82  5:49  Starport Reactor  
  83  5:52  SCV  
  83  5:53  Marine  
  85  6:02  Starport Reactor, Supply Depot  
  85  6:03  Supply Depot  
  85  6:06  SCV x3, Marine x4  
  85  6:11  Marine  
  93  6:23  SCV x2, Barracks x2  
  93  6:24  SCV, Marine x2, Siege Tank  
  97  6:27  Barracks Reactor  
  97  6:28  Barracks Reactor, Marine  
  97  6:29  Marine  
  97  6:30  Supply Depot  
  97  6:31  Marine  
  96  6:35  SCV  
  97  6:41  SCV  
  97  6:42  Barracks, Marine x2  
  97  6:44  Medivac x2  
  97  6:46  Marine  
  106  6:47  SCV, Supply Depot  
  106  6:51  SCV, Marine x2  
  101  6:54  SCV  
  101  6:56  Siege Tank  
  101  6:59  Marine  
  106  7:01  SCV  
  106  7:03  Armory  
  106  7:05  Marine x3, Supply Depot  
  106  7:06  Marine x2  
  106  7:07  SCV  
  113  7:09  Marine  
  113  7:10  Marine  
  113  7:12  SCV  
  113  7:14  Barracks Reactor  
  113  7:15  Marine  
  117  7:16  SCV  
  117  7:17  Barracks Tech Lab, Marine  
  117  7:20  Supply Depot  
  119  7:23  SCV, Marine  
  119  7:24  SCV  
  119  7:26  Medivac x2  
  119  7:27  Marine x2  
  128  7:30  Refinery, Barracks Reactor  
  128  7:32  Supply Depot, Siege Tank  
  128  7:36  Combat Shield  
  131  7:37  Marauder  
  131  7:42  Marine x6  
  139  7:45  Concussive Shells  
  139  7:47  Marauder, Supply Depot  
  139  7:48  Supply Depot  
  141  7:54  Marine x5, Supply Depot  
  141  7:55  Supply Depot  
  141  7:58  SCV, Marine  
  147  7:59  Terran Infantry Weapons Level 2, Marine  
  149  8:08  Marine x5  
  149  8:09  Marauder  
  149  8:10  Siege Tank  
  159  8:14  Supply Depot  
  159  8:15  Supply Depot  
  159  8:17  Marauder  
  159  8:18  Command Center  
  161  8:21  Marine x3  
  161  8:22  Marine x2  
  166  8:27  Terran Infantry Armor Level 2  
  166  8:28  Marine x3  
  167  8:38  Marauder, Marine x2  
  167  8:39  SCV  
  166  8:47  Barracks Tech Lab, Marine x3  
  172  8:48  Siege Tank  
  172  8:49  Barracks Tech Lab  
  172  8:50  Marine  
  172  8:53  Medivac  
  172  8:54  Marine  
  172  8:55  SCV  
  165  8:57  Marine x2  
  165  8:58  Marine x3  
  165  9:00  Marauder  
  162  9:04  SCV  
  162  9:05  Marine x3  
  162  9:07  Marine  
  162  9:09  Medivac  
  168  9:12  Marine x3  
  168  9:15  SCV, Marine  
  172  9:19  Ghost Academy, Supply Depot  
  172  9:21  Marauder  
  172  9:23  SCV, Factory  
  175  9:26  Marauder  
  175  9:27  SCV  
  175  9:29  Sensor Tower  
  178  9:38  Siege Tank  
  181  9:39  Marauder  
  181  9:42  Marauder, Marine x2  
  181  9:43  SCV, Marine  
  181  9:45  Barracks Tech Lab  
  186  9:46  Marine x2  
  186  9:47  Marine  
  186  9:48  Marine x3  
  186  9:49  SCV  
  187  9:55  Medivac x2  
  187  9:59  Marine  
  191  10:00  Marine  
  191  10:01  Marine  
  191  10:03  Marine x2  
  191  10:04  Marauder, Marine  
  176  10:07  Marauder  
  176  10:09  Factory Tech Lab, Marine  
  176  10:10  Marine  
  178  10:16  Marine x2  
  178  10:19  Planetary Fortress  
  179  10:22  SCV  
  179  10:24  Command Center  
  179  10:26  SCV x2  
  182  10:29  Siege Tank x2  
  182  10:31  Marine x2  
  182  10:32  Marine  
  182  10:34  SCV  
  190  10:44  Marauder  
  190  10:49  Marine  
  183  10:52  Marine x3  
  183  10:53  Marauder, Marine x3  
  183  10:54  Marine x3  
  184  11:01  Siege Tank  
  184  11:02  Medivac x2, Siege Tank  
  194  11:05  Refinery, SCV x2, Marine  
  194  11:06  Refinery, SCV, Marine  
  197  11:13  Marine  
  197  11:15  Marine x2  
  188  11:19  Marauder  
  188  11:20  Marine x2  
  188  11:21  Drilling Claws  
  189  11:27  Sensor Tower  
  189  11:30  Marine  
  189  11:31  Marine  
  174  11:33  Siege Tank  
  174  11:34  Marauder  
  174  11:35  Siege Tank  
  174  11:37  Marine x3  
  174  11:38  SCV  
  174  11:40  Ghost  
  174  11:41  SCV  
  174  11:44  SCV  
  167  11:47  Barracks Tech Lab  
  167  11:48  Marine  
  167  11:49  Barracks Tech Lab, SCV  
  167  11:51  Marine  
  167  11:52  SCV, Marine  
  167  11:53  Marine  
  167  11:57  SCV  
  167  11:58  SCV  
  167  12:00  SCV  
  170  12:04  Command Center  
  170  12:05  SCV, Siege Tank  
  174  12:10  Refinery, Ghost  
  174  12:15  Marine x2, Siege Tank  
  181  12:16  Ghost x2  
  181  12:20  Marine x3  
  181  12:21  Marine x2  
  166  12:30  Medivac  
  166  12:33  Marine  
  162  12:39  Ghost, Marauder, Marine x2  
  162  12:40  Marine x2, Siege Tank  
  162  12:42  Marine  
  162  12:43  SCV  
  166  12:45  SCV  
  166  12:46  SCV  
  157  12:56  Ghost  
  152  13:00  SCV, Ghost  
  152  13:01  SCV  
  152  13:02  SCV  
  155  13:07  Ghost  
  155  13:09  Marine  
  155  13:10  Marine x2  
  155  13:11  Marine  
  161  13:13  Siege Tank  
  161  13:17  Siege Tank  
  161  13:19  Marine  
  168  13:25  Ghost  
  170  13:31  Marine  
  155  13:35  Marine x3  
  155  13:37  Marauder x2, Marine x3  
  162  13:45  Siege Tank  
  133  13:48  Marine  
  133  13:49  Siege Tank  
  133  13:53  Marine x3  
  133  13:54  Marauder  
  142  13:57  Marine x2  
  142  13:58  Planetary Fortress  
  142  14:01  Orbital Command  
  144  14:04  Marine  
  144  14:06  Marauder x2  
  149  14:14  SCV  
  149  14:15  SCV  
  151  14:18  Widow Mine, Terran Vehicle Weapons Level 1  
  151  14:19  Marine x4  
  151  14:20  Marine x2  
  151  14:21  Widow Mine  
  151  14:23  Ghost  
  163  14:24  Barracks Tech Lab  
  163  14:27  Ghost  
  163  14:29  SCV x2  
  163  14:31  Ghost  
  167  14:35  Refinery  
  167  14:38  Refinery, Missile Turret  
  169  14:39  Siege Tank  
  169  14:42  Command Center  
  172  14:50  Siege Tank  
  175  14:54  Ghost  
  175  14:55  Ghost  
  175  14:57  Ghost  
  181  15:03  Ghost  
  179  15:11  Siege Tank  
  182  15:14  Marine x2  
  182  15:16  Marine x2  
  182  15:17  Marine  
  183  15:23  Ghost  
  183  15:24  Marine, Ghost  
  183  15:26  Orbital Command, Ghost  
  183  15:32  Marauder, Marine x2  
  183  15:35  SCV  
  157  15:36  SCV  
  157  15:39  SCV  
  157  15:40  Siege Tank  
  157  15:41  Marine x3, Medivac  
  157  15:42  SCV, Marine  
  164  15:48  Siege Tank  
  167  15:52  Marauder  
  167  15:53  Marauder x2, Missile Turret  
  167  15:56  SCV  
  174  15:59  SCV  
  174  16:02  Ghost  
  177  16:04  Marine x3  
  180  16:14  Marauder  
  180  16:15  Marauder  
  182  16:25  SCV x2  
  169  16:26  Siege Tank  
  169  16:29  Marauder  
  136  16:40  SCV x3  
  136  16:41  SCV  
  136  16:47  Marine x4  
  136  16:48  Marine  
  136  16:49  Marine x2  
  136  16:52  SCV  
  140  16:58  SCV  
  129  17:03  SCV  
  129  17:07  Marine x2  
Show
View Real Time Build Order
Export as new Build Order

Dark Zerg - Winner!

Build Orders: Hatch First 

Get SALT Encoding   

  12  0:00  Drone  
  13  0:12  Overlord  
  13  0:17  Drone  
  14  0:31  Drone x2  
  16  0:49  Hatchery  
  15  0:51  Drone  
  16  0:58  Drone x2  
  18  1:12  Extractor  
  18  1:13  Spawning Pool  
  18  1:16  Drone  
  17  1:20  Drone  
  18  1:29  Drone  
  19  1:39  Drone  
  20  1:50  Drone  
  21  2:01  Queen x2  
  21  2:02  Zergling x4  
  27  2:12  Zergling x2  
  27  2:14  Overlord  
  28  2:21  Hatchery  
  27  2:25  Drone  
  28  2:33  Drone x2  
  28  2:35  Drone  
  31  2:39  Queen  
  33  2:46  Overlord  
  33  2:48  Drone  
  34  2:53  Metabolic Boost  
  34  2:54  Drone  
  34  2:57  Drone  
  36  3:05  Drone  
  37  3:07  Drone  
  37  3:10  Drone x3  
  41  3:15  Queen  
  41  3:17  Drone  
  44  3:25  Overlord  
  44  3:31  Roach Warren  
  44  3:33  Overlord  
  44  3:34  Drone x2, Extractor  
  44  3:39  Queen  
  44  3:41  Drone  
  47  3:45  Drone x2  
  50  3:48  Drone  
  50  3:56  Overlord  
  50  3:58  Drone x3  
  50  4:01  Lair  
  53  4:07  Drone  
  54  4:11  Drone x2  
  54  4:12  Roach x2  
  54  4:13  Roach  
  63  4:17  Zergling x4  
  63  4:20  Drone  
  63  4:22  Overlord  
  65  4:36  Overlord  
  65  4:38  Extractor  
  65  4:39  Extractor  
  65  4:40  Overlord, Roach  
  65  4:42  Drone x3, Zergling x4  
  65  4:43  Zergling x2  
  72  4:45  Drone  
  72  4:49  Drone  
  72  4:51  Overlord  
  72  4:52  Overlord  
  73  4:54  Overlord  
  73  4:55  Drone  
  73  4:58  Glial Reconstitution  
  74  5:04  Drone x3  
  74  5:05  Drone  
  78  5:12  Drone x3  
  81  5:16  Drone  
  81  5:20  Roach x4  
  88  5:26  Drone x2  
  88  5:30  Drone x3, Evolution Chamber x2  
  88  5:32  Drone x2  
  88  5:34  Overseer  
  88  5:35  Spore Crawler  
  90  5:36  Drone  
  90  5:39  Drone x2  
  90  5:42  Drone x2  
  95  5:48  Drone  
  95  5:49  Drone x4  
  100  5:51  Drone  
  101  5:58  Zerg Melee Weapons Level 1, Zerg Ground Armor Level 1  
  101  5:59  Extractor  
  101  6:01  Extractor, Overlord  
  99  6:10  Baneling Nest  
  98  6:13  Drone x2  
  98  6:14  Drone x2  
  98  6:15  Drone x2  
  98  6:20  Drone x6  
  98  6:25  Hatchery  
  101  6:30  Drone x7  
  103  6:46  Overlord  
  103  6:48  Roach x5  
  103  6:51  Overlord x2  
  113  6:57  Centrifical Hooks  
  113  7:03  Infestation Pit  
  113  7:06  Hatchery  
  111  7:10  Roach x5  
  120  7:17  Drone  
  120  7:18  Drone  
  120  7:21  Overlord  
  121  7:25  Drone  
  122  7:30  Roach x3  
  122  7:31  Zergling x16  
  136  7:37  Ravager x4  
  136  7:40  Zergling x8  
  136  7:43  Infestor x2  
  148  7:45  Drone x2  
  148  7:49  Hive  
  150  7:53  Drone x2  
  150  7:55  Overlord  
  150  7:56  Zerg Melee Weapons Level 2  
  152  8:00  Zerg Ground Armor Level 2  
  152  8:07  Overlord  
  152  8:10  Overlord  
  152  8:12  Overlord  
  151  8:14  Baneling x4  
  151  8:15  Baneling x4, Ravager  
  151  8:16  Zergling x14  
  151  8:19  Drone  
  160  8:21  Baneling x5  
  160  8:26  Zergling x14  
  166  8:36  Zergling x2  
  166  8:37  Baneling x6, Zergling x16  
  166  8:40  Zergling x2  
  163  8:45  Zergling x8  
  164  8:53  Zergling x16  
  164  8:57  Baneling  
  164  9:00  Zergling x4  
  160  9:03  Ravager x2  
  160  9:05  Hatchery  
  160  9:06  Baneling x7  
  160  9:08  Zergling x4  
  162  9:11  Overlord  
  162  9:15  Overlord  
  162  9:20  Overlord  
  162  9:26  Overlord  
  162  9:30  Viper x2  
  168  9:33  Zergling x16  
  175  9:48  Zergling x2  
  175  9:49  Zergling x26  
  181  9:56  Hatchery  
  170  10:07  Zergling x8  
  170  10:08  Zergling x12  
  170  10:11  Adrenal Glands  
  178  10:24  Zergling x20  
  188  10:28  Hatchery  
  188  10:30  Baneling x3  
  188  10:31  Baneling x2  
  188  10:35  Zergling x14  
  194  10:38  Drone x3  
  196  10:44  Zergling x6  
  184  10:52  Zergling x16  
  184  10:56  Zergling x2  
  188  11:00  Overlord  
  188  11:01  Zerg Melee Weapons Level 3, Zerg Ground Armor Level 3  
  184  11:14  Zergling x18  
  184  11:17  Zergling x4  
  186  11:19  Ravager  
  186  11:20  Ravager x8  
  186  11:21  Burrow  
  186  11:23  Hatchery  
  183  11:36  Baneling  
  183  11:37  Baneling x6  
  183  11:38  Baneling x3  
  182  11:42  Zergling x2  
  182  11:43  Zergling x28  
  181  11:51  Zergling x10  
  178  11:56  Zergling x2  
  178  11:57  Zergling x4  
  178  11:58  Baneling x2  
  178  11:59  Baneling x13  
  181  12:04  Zergling x4  
  181  12:05  Drone x2  
  181  12:11  Zergling x2  
  181  12:12  Zergling x8  
  177  12:25  Zergling x12  
  172  12:40  Overseer  
  172  12:42  Zergling x20  
  160  12:54  Zergling x22  
  160  12:58  Drone, Hatchery  
  171  13:02  Zergling x2  
  171  13:03  Zergling x4  
  171  13:04  Baneling x8  
  173  13:06  Zergling x2  
  173  13:10  Zergling x16  
  179  13:14  Drone  
  179  13:17  Ultralisk Cavern  
  175  13:21  Zergling x10  
  175  13:24  Hatchery  
  175  13:25  Baneling x7  
  175  13:26  Zergling x6  
  163  13:34  Zergling x8  
  163  13:36  Zergling x4  
  163  13:37  Zergling x2  
  163  13:47  Zergling x20  
  158  13:51  Zergling x8  
  158  13:52  Pneumatized Carapace  
  160  13:55  Drone  
  160  13:56  Drone x4, Overseer x4  
  160  14:01  Zergling x6  
  160  14:02  Zergling x2  
  169  14:04  Baneling x4  
  169  14:07  Ultralisk x2, Chitinous Plating  
  181  14:12  Ultralisk  
  181  14:15  Drone x4  
  191  14:22  Zergling x14  
  196  14:34  Zergling x4  
  196  14:35  Zergling x2  
  196  14:36  Zergling x2, Spore Crawler  
  199  14:42  Baneling x9  
  199  14:43  Baneling x2  
  199  14:47  Baneling x10  
  195  14:54  Zergling x16  
  196  15:04  Zergling x32  
  198  15:08  Zergling x2  
  199  15:15  Zergling x2  
  196  15:23  Zergling x8  
  196  15:26  Anabolic Synthesis  
  192  15:33  Ultralisk  
  177  15:39  Zergling x40  
  177  15:40  Zergling x16  
  193  15:43  Drone x3  
  193  15:45  Drone  
  193  15:47  Zergling x4  
  193  15:48  Zergling x4, Spore Crawler  
  200  15:53  Baneling x12  
  200  15:54  Baneling x2  
  200  16:01  Baneling x2  
  200  16:02  Baneling x2  
  200  16:08  Spore Crawler  
  200  16:09  Zergling x2  
  200  16:10  Baneling x10  
  200  16:11  Baneling  
  200  16:17  Baneling x14  
  193  16:19  Hatchery  
  193  16:23  Zergling x2  
  193  16:24  Zergling x14  
  193  16:25  Zergling x8  
  189  16:30  Ultralisk  
  189  16:32  Zergling x24  
  191  16:36  Zergling x6, Ultralisk  
  191  16:37  Zergling x8  
  191  16:39  Baneling x3  
  183  16:41  Zergling x10  
  183  16:42  Zergling x10  
  190  16:47  Zergling x4  
  190  16:50  Baneling x10  
  190  16:52  Baneling  
  190  16:54  Zergling x12  
  191  16:56  Zergling x4  
  183  17:05  Zergling x20  
  173  17:08  Zergling x2  
  173  17:09  Zergling x6  
Tags
 
Add a new tag
Caveats
  • Supply blocks, unpowered buildings, or Contaminate may cause inaccurate times.
  • Supply counts are checked every 10 seconds.